 Dungeon Crawl Stone Soup version 0.24.0-125-gc4c63601f3 (webtiles) character file.

Game seed: 1757267754599229803, levelgen mode: deterministic

92 Jerry the Twirler (level 4, -2/37 HPs)
             Began as a Demigod Gladiator on Feb 20, 2020.
             Slain by a kobold
             ... wielding a +0 long sword
              (4 damage)
             ... on level 3 of the Dungeon.
             The game lasted 00:05:50 (2149 turns).

Jerry the Twirler (Demigod Gladiator)               Turns: 2149, Time: 00:05:51

Health: -2/37      AC:  4    Str: 19    XL:     4   Next: 13%
Magic:  6/6        EV: 13    Int: 12    God:
Gold:   141        SH:  0    Dex: 17    Spells: 3/3 levels left

rFire    . . .     SeeInvis .   a - +0 quarterstaff
rCold    . . .     Gourm    .   (shield currently unavailable)
rNeg     . . .     Faith    .   b - +0 leather armour
rPois    .         Spirit   .   c - +0 helmet
rElec    .         Reflect  .   (no cloak)
rCorr    .         Harm     .   (no gloves)
MR       .....                  (no boots)
Stlth    +.........             (no amulet)
HPRegen  0.12/turn              (no ring)
MPRegen  0.10/turn              (no ring)

@: no status effects
A: high mp 1
a: no special abilities


You were on level 3 of the Dungeon.
You were not hungry.

You visited 1 branch of the dungeon, and saw 3 of its levels.

You collected 141 gold pieces.

Inventory:

Hand Weapons
 a - a +0 quarterstaff (weapon)
Missiles
 d - 3 throwing nets (quivered)
Armour
 b - a +0 leather armour (worn)
 c - a +0 helmet (worn)
Scrolls
 i - 2 scrolls of teleportation {unknown}
 k - a scroll of amnesia {unknown}
 m - a scroll of remove curse {unknown}
 p - a scroll of identify {unknown}
Potions
 e - a potion of cancellation {unknown}
 g - a potion of brilliance {unknown}
 h - a potion of might {unknown}
 j - a potion of agility {unknown}
 l - a potion of curing {unknown}
 n - a potion of haste {unknown}
Comestibles
 f - 7 rations
 o - a chunk of flesh


   Skills:
 + Level 2.5 Fighting
 * Level 3.8 Staves
 - Level 1.7 Throwing
 + Level 1.6 Armour
 - Level 2.6 Dodging


You had 3 spell levels left.
You didn't know any spells.
Your spell library was empty.

Dungeon Overview and Level Annotations

Branches:
Dungeon (3/15)

Annotations:
D:3 3 runed translucent doors, Jerry's ghost, amateur VSFi


Innate Abilities, Weirdness & Mutations

You have an increased reservoir of magic. (+10% MP)


Message History

The orc wizard hits you but does no damage.
You sock the orc wizard!
The orc wizard is severely wounded.
The orc wizard casts a spell at you. The puff of flame hits you!
The orc wizard casts a spell.
The orc wizard flickers and vanishes!
The orc priest invokes the aid of Beogh against you.
Beogh smites you!
The kobold hits you with a +0 long sword.
You see here a kobold corpse.
A magic dart appears from out of thin air!
The magic dart hits you.
Jerry's ghost says, "They'll have to sweep you off the floor after I'm finished with you!"
A puff of frost appears from out of thin air!
The puff of frost hits you!
* * * LOW HITPOINT WARNING * * *
There is a stone staircase leading up here.
The kobold hits you with a +0 long sword.
You die...

##### ##...## #..#..##
#.###..##########
#.####........##.
#...#...#####...รท
#.....###...###..
##...###.......##.
#@..##....###...#.
#K..#Z...# #..#.
#o..#Z..# .. #Z.#.
#...+W..# ..Z#W##.
##...+...# .=..Z#..
#.o#.+...# ....Z#..
#.##r#.... .....##.
#######.#..#....##.....#.
#..........##....###...#.


You could see an orc wizard, Jerry's ghost, 2 worker ant simulacra, an orc, a
kobold and a rat.

Vanquished Creatures
  3 adders
  An ooze (D:3)
  2 worms
  A dart slug (D:1)
  3 leopard geckos
  A ball python (D:1)
  5 giant cockroaches
  8 goblins
  2 hobgoblins (D:1)
  A quokka (D:2)
  6 bats
  3 frilled lizards
  7 kobolds
  8 rats
51 creatures vanquished.

Notes
Turn   | Place    | Note
-------+----------+-------------------------------------------
     0 | D:1      | Jerry the Demigod Gladiator began the quest for the Orb.
     0 | D:1      | Reached XP level 1. HP: 17/17 MP: 3/3
   235 | D:1      | Reached skill level 3 in Staves
   289 | D:1      | Reached XP level 2. HP: 23/24 MP: 4/4
   690 | D:2      | Reached skill level 1 in Armour
   895 | D:2      | Reached XP level 3. HP: 19/29 MP: 5/5
  1819 | D:3      | Found a runed translucent gate.
  1819 | D:3      | Found a runed translucent gate.
  1819 | D:3      | Found a runed translucent gate.
  1854 | D:3      | Noticed Jerry's ghost (amateur VSFi)
  2101 | D:3      | Reached XP level 4. HP: 37/37 MP: 6/6
  2149 | D:3      | Slain by a kobold

Levels and vault maps discovered:
D:1:      dpeg_arrival_long_road, layout_basic
D:2:      layout_loops_corners
D:3:      layout_rooms, first_ration, gammafunk_ghost_icy,
          kennysheep_generic_room_6

Skill      XL: |  1  2 |
---------------+-------+-----
Staves         | 3 |  3.8
Fighting       | 2 |  2.5
Armour         | 1 |  1.6
Throwing       | |  1.7
Dodging        | |  2.6

Action                   |  1- 3 |  4- 6 || total
-------------------------+-------+-------++-------
Melee: Quarterstaff      |   128 |     7 ||   135
 Stab: Sleeping          |     3 |       ||     3
  Eat: Chunk             |     4 |       ||     4
Armor: Leather armour    |    31 |     3 ||    34
Dodge: Dodged            |    84 |     5 ||    89
